[Event "Chinese League Division-A 2024"]
[Site "Fuling Chongqing"]
[Date "2024.07.03"]
[Round "7.9"]
[White "Zhang, Xiao"]
[Black "Song, Yuxin"]
[Result "1/2-1/2"]
[ECO "E43"]
[WhiteElo "2193"]
[BlackElo "2383"]
[Annotator "TA"]
[PlyCount "129"]
[EventDate "2024.06.28"]
[EventType "team-tourn"]
[EventCountry "CHN"]
[SourceTitle "playchess.com"]
[Source "ChessBase"]
[SourceQuality "1"]
[TimeControl "40/5400+30:1800+30"]

1. d4 Nf6 2. c4 e6 3. Nc3 Bb4 4. e3 O-O 5. Nf3 b6 6. Bd3 Bb7 7. O-O c5 8. Na4 cxd4 9. exd4 Be7 10. a3 d6 11. b4 Nbd7 12. Re1 Rc8 13. Nc3 Re8 14. Bb2 Nf8 {[%emt 0:05:06] The position is equal.} 15. Rc1 Ng6 16. Bf1 Rc7 17. Nb5 Rd7 18. g3 (18. Nxa7 $2 Bxf3 19. Qxf3 Rxa7 $19) 18... Qa8 19. Nd2 a6 20. Nc3 Rc7 21. f3 Qa7 22. Nde4 Rec8 23. h4 Nh5 ({Black should play} 23... d5 $11 24. Nxf6+ Bxf6) 24. f4 $1 $14 Nf6 25. Nxf6+ Bxf6 26. Kh2 Ne7 27. Nb1 $2 (27. b5 $1 $11) 27... Qa8 (27... b5 $1 $17 {...Nf5 would now be deadly.} 28. c5 dxc5 29. Rxc5 Rxc5 30. bxc5 Rd8) 28. Qd3 (28. Qd2 $11) 28... Bc6 (28... b5 $17 29. cxb5 Rxc1 30. Rxc1 Rxc1 31. Bxc1 Be4) 29. Bh3 (29. Nc3 $11) 29... b5 $36 {[%emt 0:02:47][%mdl 2048] Black has strong initiative.} 30. c5 dxc5 31. Rc3 (31. Rxc5 $17 Rd8 32. Nd2) 31... c4 $19 (31... cxd4 32. Rc5 $19) 32. Rxc4 (32. Qf1 $142) 32... Rd8 $2 (32... bxc4 33. Qc2 c3 34. Nxc3 Bxd4) 33. Rc5 Rcd7 34. Qe3 (34. Qc2 $142) 34... Bf3 35. Rf1 (35. Rc2 $17 {keeps fighting.}) 35... Be4 (35... Bxd4 $2 36. Bxd4 (36. Qxf3 $2 Qxf3 37. Rxf3 Bxc5 $19) 36... Bb7 37. Bb2 $18) 36. Nc3 Bxd4 37. Qxe4 Bxc5 38. Qxa8 Rxa8 39. Bg2 Rd2 40. Bc1 {[%emt 0:00:06] [#]} Rxg2+ 41. Kxg2 Bb6 42. Rd1 Rc8 43. Rd3 Nf5 44. Bd2 h5 45. a4 bxa4 46. Nxa4 Bd4 47. Nc3 Rc4 48. Ne4 f6 49. Kf3 Kf7 50. Ra3 Rc6 51. Ra5 Rb6 52. Be1 Kg6 53. Nc5 Bxc5 54. bxc5 $17 {[%emt 0:00:20][%cal Bb4c5,Bc5c6,Bc6c7][%mdl 4128] Endgame. KRB-KRN} Rb3+ 55. Kg2 {[%emt 0:01:09] [#]} Rb2+ $1 56. Bf2 Ne3+ 57. Kf3 Ng4 (57... Nc4 $17 58. Ra1 (58. Rxa6 $2 {loses.} Nd2+ 59. Ke3 Nf1+ 60. Kf3 Nh2+ 61. Ke3 Ng4+ 62. Kd4 Rxf2 $19) 58... Rc2) 58. Bg1 $11 Kf5 $2 (58... Rc2 $11 59. Ke4 Kf7) 59. c6+ $18 e5 60. Rc5 {[%emt 0:00:28] Repels Rc2} ({White must play} 60. c7 $1 $18 Rc2 61. Bb6) 60... Rb8 61. c7 Rc8 62. Rc6 e4+ 63. Ke2 e3 $1 64. Kf3 Nf2 65. Rc5+ {[%emt 0:02:26] Weighted Error Value: White=0.44/Black=0.42.  Loses game:     	White=1     	Black=1      Missed win:     	White=1     	---        Mistake:       	White=7     	Black=6      Inaccurate:     	White=5     	Black=4      OK:         	White=12    	Black=18     Best:        	White=4     	Black=4      Strong:       	White=1     	Black=2} ({Resist} 65. Rxa6 $6 Rxc7 66. Ra5+ Kg6 $11) (65. Kxe3 $16 Ne4 66. Kf3 (66. Rxa6 Rxc7 67. Ra5+ Rc5 $11)) 1/2-1/2

[Event "Chinese League Division-A 2024"]
[Site "Fuling Chongqing"]
[Date "2024.07.03"]
[Round "7.10"]
[White "Li, Xueyi"]
[Black "Hu, Yu A."]
[Result "1-0"]
[ECO "E04"]
[WhiteElo "2209"]
[BlackElo "2127"]
[Annotator "RC"]
[PlyCount "65"]
[EventDate "2024.06.28"]
[EventType "team-tourn"]
[EventCountry "CHN"]
[SourceTitle "playchess.com"]
[Source "ChessBase"]
[SourceQuality "1"]
[TimeControl "40/5400+30:1800+30"]

1. d4 d5 2. c4 e6 3. Nf3 Nf6 4. g3 dxc4 5. Bg2 a6 6. O-O Nc6 7. a4 Rb8 8. a5 Be7 9. Qa4 O-O 10. Qxc4 Bd7 11. Nc3 Bb4 12. Ne5 Nxe5 13. Qxb4 Nc6 14. Qc4 b5 15. axb6 Rxb6 16. Rxa6 Rxa6 17. Qxa6 Nxd4 18. Bg5 Qc8 19. Qc4 e5 20. Bxf6 gxf6 21. e3 Be6 22. Nd5 Bxd5 23. Bxd5 Ne6 24. Rc1 Rd8 25. h4 Rd6 26. Qg4+ Kh8 27. Bxe6 fxe6 28. h5 Qd8 29. h6 Qe7 30. Qb4 Qd8 31. Qg4 Qe7 32. Qc4 c6 33. Qa6 1-0

[Event "Chinese League Division-A 2024"]
[Site "Fuling Chongqing"]
[Date "2024.07.03"]
[Round "7.11"]
[White "Chen, Yuan"]
[Black "Xu, Yi"]
[Result "1/2-1/2"]
[ECO "E05"]
[WhiteElo "2294"]
[BlackElo "2496"]
[Annotator "TA"]
[PlyCount "62"]
[EventDate "2024.06.28"]
[EventType "team-tourn"]
[EventCountry "CHN"]
[SourceTitle "playchess.com"]
[Source "ChessBase"]
[SourceQuality "1"]
[TimeControl "40/5400+30:1800+30"]

1. Nf3 d5 2. g3 Nf6 3. Bg2 e6 4. d4 Be7 5. O-O O-O 6. c4 dxc4 7. Qa4 a6 8. Qxc4 b5 9. Qc2 Bb7 10. Bf4 Nc6 11. Rd1 Nb4 12. Qc1 Rc8 13. Nc3 Nbd5 14. Bg5 c5 15. Nxd5 Bxd5 16. dxc5 {[%emt 0:09:44] Black is slightly better.} Bxc5 17. Qf4 $1 {[%emt 0:01:25][%cal Oe2e4] And now e4! would win. The position is equal.} h6 18. Bxf6 Qxf6 19. Ne5 {[%emt 0:01:34] Hoping for Qxf6.} Qxf4 20. gxf4 Bxg2 21. Kxg2 Be7 22. Rac1 {[%emt 0:03:36] Repels Rc2} Bf6 23. Nd7 Rxc1 ({Reject} 23... Bxb2 24. Rb1 Rc2 25. Nxf8 Kxf8 26. Rd6 Rxe2 27. Rxa6 $16) 24. Nxf6+ gxf6 25. Rxc1 $11 {[%emt 0:00:03][%mdl 4096] Endgame. KR-KR} Rd8 26. Rc2 {[%emt 0:00:44] Against Rd2} f5 27. e3 Kg7 28. Rc6 Rd2 29. Rxa6 Rxb2 30. a4 bxa4 31. Rxa4 Rc2 {[%emt 0:00:09] Weighted Error Value: White=0.01 (flawless) /Black=0.04 (flawless) .  Inaccurate:     	---       	Black=1      OK:         	White=9     	Black=8      Best:        	White=1     	---        Strong:       	White=1     	---} 1/2-1/2

[Event "Chinese League Division-A 2024"]
[Site "Fuling Chongqing"]
[Date "2024.07.03"]
[Round "7.12"]
[White "Lou, Yiping"]
[Black "Lu, Shanglei"]
[Result "1/2-1/2"]
[ECO "D20"]
[WhiteElo "2442"]
[BlackElo "2606"]
[Annotator "TA"]
[PlyCount "48"]
[EventDate "2024.06.28"]
[EventType "team-tourn"]
[EventCountry "CHN"]
[SourceTitle "playchess.com"]
[Source "ChessBase"]
[SourceQuality "1"]
[TimeControl "40/5400+30:1800+30"]

1. d4 d5 2. c4 dxc4 3. e4 b5 4. a4 c6 5. axb5 cxb5 6. Nc3 Qb6 7. b3 {[%emt 0:04:22] White is more active.} e6 $1 8. bxc4 {[%emt 0:01:13] [#] c5 is the strong threat. White is slightly better.} Bb4 9. Bd2 bxc4 10. Bxc4 Ne7 11. Nf3 O-O 12. O-O a5 $1 13. Na4 Qd6 14. g3 Ba6 15. Bxb4 axb4 {[%emt 0:00:29] The position is equal.} 16. Nc5 {[%emt 0:00:24] Hoping for Re1.} Bxc4 17. Rxa8 Bxf1 18. Qxf1 Nbc6 19. Rxf8+ Kxf8 20. Qa6 Qc7 21. Qa8+ Qc8 22. Qa4 Qc7 23. Qa8+ Qc8 24. Qa4 Qc7 {[%emt 0:00:04] Weighted Error Value: White=0.07 (flawless) /Black=0.01 (flawless) .  Inaccurate:     	White=1     	---        OK:         	White=6     	Black=10     Best:        	White=1     	Black=2      Strong:       	---       	Black=2} 1/2-1/2

[Event "Chinese League Division-A 2024"]
[Site "Fuling Chongqing"]
[Date "2024.07.03"]
[Round "7.13"]
[White "Xu, Minghui"]
[Black "Meng, Yihan"]
[Result "1/2-1/2"]
[ECO "D03"]
[WhiteElo "2388"]
[BlackElo "2268"]
[Annotator "TA"]
[PlyCount "60"]
[EventDate "2024.06.28"]
[EventType "team-tourn"]
[EventCountry "CHN"]
[SourceTitle "playchess.com"]
[Source "ChessBase"]
[SourceQuality "1"]
[TimeControl "40/5400+30:1800+30"]

1. d4 d5 2. Nf3 Nf6 3. c3 e6 4. Bg5 Be7 5. Nbd2 Nbd7 6. e3 c5 7. Bd3 Qc7 8. O-O h6 9. Bh4 b6 10. Ne5 Nxe5 11. dxe5 Nd7 12. Bxe7 {[%emt 0:10:09] [#] Bd6 would now be deadly.} Nxe5 $1 13. Bxc5 $1 bxc5 14. Bb5+ Bd7 15. Bxd7+ Nxd7 16. e4 O-O 17. exd5 exd5 18. Re1 Nf6 19. Nf1 Qb6 20. Qc2 Rfe8 21. Rxe8+ Rxe8 22. Ne3 d4 23. cxd4 cxd4 24. Nf5 d3 25. Qxd3 {[%emt 0:00:37] The position is equal.} Qxb2 26. Qd4 Qxd4 27. Nxd4 Rc8 28. f3 Rc4 29. Rd1 g6 30. Rd2 a6 {[%emt 0:01:22] Weighted Error Value: White=0.04 (flawless) /Black=0.07 (flawless) .  Inaccurate:     	White=1     	Black=1      OK:         	White=10    	Black=9      Strong:       	White=1     	Black=1} 1/2-1/2

[Event "Chinese League Division-A 2024"]
[Site "Fuling Chongqing"]
[Date "2024.07.03"]
[Round "7.14"]
[White "Ju, Wenjun"]
[Black "Ding, Yixin"]
[Result "1-0"]
[ECO "B22"]
[WhiteElo "2558"]
[BlackElo "2397"]
[Annotator "TA"]
[PlyCount "45"]
[EventDate "2024.06.28"]
[EventType "team-tourn"]
[EventCountry "CHN"]
[SourceTitle "playchess.com"]
[Source "ChessBase"]
[SourceQuality "1"]
[TimeControl "40/5400+30:1800+30"]

1. e4 c5 2. Nf3 e6 3. c3 Nf6 4. e5 Nd5 5. d4 cxd4 6. cxd4 d6 7. Bc4 Be7 8. O-O O-O 9. Qe2 Nc6 10. Re1 dxe5 11. dxe5 Na5 12. Bd3 Bd7 {[%emt 0:01:49] White is slightly better.} 13. Nc3 (13. Qe4 $14 g6 14. Bh6) 13... Nxc3 $11 14. bxc3 Rc8 15. Qe4 {[%emt 0:02:37][%csl Gd3][%cal Re4h7] [#]} g6 16. Bh6 $40 {[%emt 0:00:05][%mdl 128] Black needs to defend precisely.} Bc6 17. Qe3 Re8 {[%emt 0:00:02] [#]} (17... Bxf3 $1 $11 18. Bxf8 (18. gxf3 Re8 $11) 18... Bxf8 19. Qxf3 (19. gxf3 Rxc3 20. Red1 Nc6 $11) 19... Rxc3) 18. Ng5 $1 $16 {[%emt 0:14:34] White is more active.} (18. Qxa7 $2 {too greedy.} Bxf3 19. Qd4 Qxd4 20. cxd4 Bd5 $19) 18... Qd5 19. Bf1 Qc5 (19... f5 $16 {is a better defense.}) 20. Qf4 $18 Bxg5 21. Bxg5 {[%emt 0:01:03] aiming for Bf6.} ({Much less strong is} 21. Qxg5 $6 Qe7 $16) 21... Bb5 $2 (21... Bd5 22. Rad1 Qf8) 22. Bxb5 Qxb5 23. Qf6 {[%emt 0:00:15] Weighted Error Value: White=0.10 (very precise) /Black=0.28 (precise) .  Mistake:       	White=1     	Black=3      Inaccurate:     	---       	Black=1      OK:         	White=4     	Black=3      Best:        	White=3     	Black=2      Strong:       	White=1     	---} 1-0

[Event "Chinese League Division-A 2024"]
[Site "Fuling Chongqing"]
[Date "2024.07.03"]
[Round "7.15"]
[White "Zhu, Jiner"]
[Black "Ni, Shiqun"]
[Result "1/2-1/2"]
[ECO "C42"]
[WhiteElo "2476"]
[BlackElo "2352"]
[Annotator "TA"]
[PlyCount "148"]
[EventDate "2024.06.28"]
[EventType "team-tourn"]
[EventCountry "CHN"]
[SourceTitle "playchess.com"]
[Source "ChessBase"]
[SourceQuality "1"]
[TimeControl "40/5400+30:1800+30"]

1. e4 e5 2. Nf3 Nf6 3. Nxe5 d6 4. Nf3 Nxe4 5. c4 Nc6 6. d3 Nf6 7. d4 Bg4 8. Be2 d5 9. c5 Be7 10. h3 Bh5 11. Nc3 O-O 12. Be3 Ne4 13. Qb3 Nxc3 14. Qxc3 Bf6 15. b4 Bxf3 16. Bxf3 Ne7 17. Qd3 b6 18. O-O a5 19. a3 g6 20. g4 Qd7 21. Rfc1 axb4 22. axb4 Rxa1 23. Rxa1 bxc5 24. bxc5 Rb8 25. Ra6 Bg7 26. Qd1 h6 27. Kg2 Rb4 28. Qd2 Qb5 29. Be2 Qb8 30. Qa2 Kh7 31. Ra8 Qb7 32. Ra7 Qc6 33. Qa5 Rb7 34. Ra6 Qd7 35. Bf3 c6 36. Ra8 Nc8 37. Qa6 Na7 38. Be2 Bf6 39. Qa2 Nc8 $2 {[%emt 0:00:26] [#]} (39... Nb5 $11) 40. Qd2 $1 $18 Ra7 41. Rxa7 Qxa7 42. Bxh6 Qa4 (42... Qe7 {is a better defense.}) 43. Be3 Qa3 44. Qd3 Qb2 45. Bf3 Ne7 46. Kg3 Qb8+ $1 47. Kg2 Qb2 $1 48. Qe2 Qb4 49. Qd1 Ng8 50. h4 Ne7 51. h5 g5 $2 (51... Kg8 52. g5 Bh8 53. hxg6 Nxg6) 52. Qd3+ $18 Kg7 53. Bd1 Qb2 (53... Kf8 $142 54. Qb3 Qxb3 55. Bxb3 Bg7) 54. Bc2 $18 Kf8 55. Qd1 Kg7 56. Qd2 Kf8 57. Qd3 (57. Bxg5 Bxg5 58. Qxg5 Qxc2 59. Qh6+ Ke8 $11) 57... Qb4 58. Qa6 Kg7 $2 (58... Qb8 59. Kh3 Qe8) 59. Qa8 $18 Ng8 60. Qxc6 Bxd4 61. Qa4 $2 (61. Bxg5 {White wants to mate with h6+.} Kh8 62. Qc8 (62. Qxd5 Qxc5 63. Qe4 f5 $18)) 61... Bxc5 $18 62. Qxb4 (62. Bxg5 Qxa4 63. Bxa4 f5 64. gxf5 Be7 $16) 62... Bxb4 63. Bxg5 Be7 $2 (63... Bc5 64. Bc1 Kh8 65. Bb2+ d4) 64. Be3 $18 Nf6 65. Bd4 Kh6 66. Kh3 ({Not} 66. Be3+ Kg7 67. h6+ Kg8 $18) 66... Ne4 (66... Nh7 $142 67. Be3+ Ng5+ 68. Kg3 Bd6+ 69. Kh4 f6) 67. f4 $2 (67. Bxe4 dxe4 68. Be3+ Kh7 69. g5) 67... f5 $18 68. Bxe4 $2 (68. gxf5 $18 {Hoping for Bxe4.} Nf6 69. Be5) 68... dxe4 $11 69. gxf5 Kxh5 70. Kg3 (70. f6 {keeps more tension.} Bb4 71. f7 Kg6 72. Kg4) 70... Bh4+ 71. Kh3 Be1 72. f6 Kg6 73. Kg4 Bd2 74. Be5 Bc1 1/2-1/2

[Event "Chinese League Division-A 2024"]
[Site "Fuling Chongqing"]
[Date "2024.07.03"]
[Round "7.16"]
[White "Bu, Xiangzhi"]
[Black "Nie, Xinyang"]
[Result "1-0"]
[ECO "E16"]
[WhiteElo "2689"]
[BlackElo "2395"]
[Annotator "TA"]
[PlyCount "59"]
[EventDate "2024.06.28"]
[EventType "team-tourn"]
[EventCountry "CHN"]
[SourceTitle "playchess.com"]
[Source "ChessBase"]
[SourceQuality "1"]
[TimeControl "40/5400+30:1800+30"]

1. d4 Nf6 2. Nf3 e6 3. g3 b6 4. Bg2 Bb7 5. c4 Bb4+ 6. Bd2 c5 7. O-O O-O 8. Bxb4 cxb4 9. Qd3 d6 10. Nbd2 Qe7 11. e4 e5 12. Ne1 Nc6 {[%emt 0:04:49] White has an edge.} 13. Nc2 {[%emt 0:02:06] Threatening d5.} exd4 14. Rfe1 Nd7 {[%emt 0:01:45] aiming for ...Nc5.} 15. Nxd4 Nc5 16. Nxc6 Bxc6 17. Qc2 Qb7 18. f3 h6 19. Rad1 Rad8 20. Nf1 f5 $1 21. exf5 {[%emt 0:00:56][%cal Be4f5,Bf5f6,Bf6e7][%mdl 32] White wants to play Ne3.} Bxf3 22. Ne3 (22. Bxf3 $11 Qxf3 23. Ne3) 22... Bxd1 $17 23. Rxd1 Qa6 ({Black should try} 23... Qe7 $15 24. Nd5 Qg5) 24. Nd5 $11 {[%emt 0:02:05] [#] Ne7+ is the strong threat.} Qxa2 $2 {[%emt 0:11:08][%mdl 8192] Black cannot hold the game after this.} (24... Kh8 $11) 25. f6 Rf7 26. Ne7+ (26. Nxb4 Qb3 27. Bd5 Qxc2 (27... Qxb4 28. Qg6) 28. Nxc2 gxf6 $18) 26... Rxe7 27. fxe7 Re8 {[%emt 0:00:06] Black is weak on the light squares} 28. Bd5+ Kh8 29. Rf1 Nd7 30. Bc6 {[%emt 0:01:16] Weighted Error Value: White=0.16 (very precise) /Black=0.52.  Loses game:     	---       	Black=1      Mistake:       	White=1     	Black=1      Inaccurate:     	---       	Black=2      OK:         	White=7     	Black=5      Best:        	---       	Black=2      Strong:       	---       	Black=1} 1-0

[Event "Chinese League Division-A 2024"]
[Site "Fuling Chongqing"]
[Date "2024.07.03"]
[Round "7.17"]
[White "Peng, Xiongjian"]
[Black "Liu, Yan"]
[Result "1/2-1/2"]
[ECO "C42"]
[WhiteElo "2521"]
[BlackElo "2573"]
[Annotator "TA"]
[PlyCount "75"]
[EventDate "2024.06.28"]
[EventType "team-tourn"]
[EventCountry "CHN"]
[SourceTitle "playchess.com"]
[Source "ChessBase"]
[SourceQuality "1"]
[TimeControl "40/5400+30:1800+30"]

1. e4 e5 2. Nf3 Nf6 3. Nxe5 d6 4. Nf3 Nxe4 5. d4 d5 6. Bd3 Bd6 7. O-O O-O 8. c4 c6 9. Nc3 Nxc3 10. bxc3 dxc4 11. Bxc4 Bf5 12. Bg5 Qa5 13. d5 {[%emt 0:03:30] [#] aiming for dxc6.} (13. Nh4 {looks sharper.} Be6 14. Bxe6 Qxg5 15. Nf3) 13... Be4 14. dxc6 $1 Bxf3 (14... Qxc3 $2 15. Qxd6 Qxc4 16. c7 $18) 15. Qxf3 Nxc6 {[%emt 0:00:09][%cal Oc6e5] ...Ne5! would now be deadly.} (15... Qxg5 $2 {perishes.} 16. cxb7 Qe5 17. g3 $18 (17. bxa8=R $2 Qxh2#) (17. bxa8=R $2 Qxh2#)) 16. Bd5 h6 17. Be3 {[%emt 0:00:11] This pair of bishops is nice.} Rad8 18. c4 Bc5 19. Bf4 Bd6 20. Be3 Bc5 21. Bxc6 bxc6 22. Qf5 Bb4 23. Qxa5 Bxa5 24. Bxa7 Bc3 25. Rad1 Ra8 26. Rd7 Rfe8 27. g3 Re4 28. Rc1 Rxc4 29. Rc2 Ra4 30. Be3 Ba1 {[%emt 0:00:23] The position is equal.} 31. Rxc6 Rxa2 32. Rcc7 Rf8 33. Bc5 Be5 $1 34. Rb7 Rc8 35. Be3 Rf8 36. Bc5 Rc8 37. Be3 Rf8 38. Bc5 {[%emt 0:00:46] Weighted Error Value: White=0.02 (flawless) /Black=0.03 (flawless) .  OK:         	White=13    	Black=17     Strong:       	White=1     	Black=1} 1/2-1/2

[Event "Chinese League Division-A 2024"]
[Site "Fuling Chongqing"]
[Date "2024.07.03"]
[Round "7.18"]
[White "Wang, Chen"]
[Black "Cao, Qingfeng"]
[Result "1/2-1/2"]
[ECO "A45"]
[WhiteElo "2490"]
[BlackElo "2189"]
[Annotator "TA"]
[PlyCount "97"]
[EventDate "2024.06.28"]
[EventType "team-tourn"]
[EventCountry "CHN"]
[SourceTitle "playchess.com"]
[Source "ChessBase"]
[SourceQuality "1"]
[TimeControl "40/5400+30:1800+30"]

1. d4 Nf6 2. Bg5 g6 3. Bxf6 exf6 4. e3 Bg7 5. g3 O-O 6. Bg2 d5 7. Ne2 c6 8. O-O Re8 9. Nd2 Nd7 10. c4 dxc4 11. Nxc4 Nb6 12. Rc1 Nxc4 13. Rxc4 Bg4 14. h3 Bxe2 15. Qxe2 f5 16. b4 a6 17. a4 Re7 18. Rb1 Bf8 19. h4 h5 20. b5 axb5 (20... Qb6 $14) 21. axb5 $16 cxb5 22. Rxb5 Ra1+ 23. Kh2 Ra5 24. Rxa5 Qxa5 25. Qb2 Rc7 26. Rxc7 Qxc7 27. Bxb7 $14 {[%emt 0:00:47][%mdl 4096] Endgame. KQB-KQB} Bd6 28. Kg2 Kg7 29. Bf3 Qb8 30. Qa2 (30. Qxb8 {simplifies} Bxb8 31. Bd5 Bc7 32. Kf3) 30... Qc7 31. Qd5 Kf6 32. Be2 Bf8 33. Bb5 Kg7 34. Bd7 Qd6 35. Qb7 (35. Qxd6 {simplifies} Bxd6 36. Be8 Kf6 37. Bb5) 35... Qe7 36. Kg1 {[%emt 0:01:23] White is more active.} Qb4 37. Qd5 (37. Qxb4 {simplifies} Bxb4 38. Bc6 Be7 39. Be8) 37... Qd6 38. Qb5 (38. Qxd6 {simplifies} Bxd6 39. Bb5 Kf6 40. Kg2) 38... Kf6 39. Bc6 Kg7 40. Qc4 Qb4 41. Qxb4 Bxb4 {[%emt 0:00:46] KB-KB} 42. Kg2 Kf6 43. f3 Be1 44. Ba4 Ke7 45. Bb3 Kf6 46. e4 fxe4 {[%emt 0:00:08] The position is equal.} 47. fxe4 Bc3 48. d5 Be5 49. Kf3 {[%emt 0:00:31] Weighted Error Value: White=0.05 (flawless) /Black=0.05 (flawless) .  Mistake:       	---       	Black=1      Inaccurate:     	White=4     	Black=1      OK:         	White=13    	Black=16     Best:        	White=1     	Black=1} 1/2-1/2

[Event "Chinese League Division-A 2024"]
[Site "Fuling Chongqing"]
[Date "2024.07.03"]
[Round "7.19"]
[White "Sun, Fanghui"]
[Black "Huang, Qian"]
[Result "1-0"]
[ECO "B08"]
[WhiteElo "2115"]
[BlackElo "2396"]
[Annotator "TA"]
[PlyCount "56"]
[EventDate "2024.06.28"]
[EventType "team-tourn"]
[EventCountry "CHN"]
[SourceTitle "playchess.com"]
[Source "ChessBase"]
[SourceQuality "1"]
[TimeControl "40/5400+30:1800+30"]

1. e4 g6 2. d4 Bg7 3. Nc3 d6 4. Nf3 Nf6 5. h3 O-O 6. Be2 a6 7. O-O b5 8. e5 Nfd7 9. Bf4 $1 Bb7 {[%emt 0:00:44] The position is equal.} 10. Qd2 c5 ({Black should try} 10... Nc6 $11) 11. exd6 $14 cxd4 12. dxe7 {[%emt 0:14:07] White has more active pieces. The black rooks are passive.} Qxe7 13. Nd1 (13. Nxd4 $14 {was forced to keep a grip.} b4 14. Nd1) 13... Nc6 (13... Re8 $17 14. Nxd4 Bxd4 15. Qxd4 Qxe2) 14. Re1 $15 Qd8 15. c3 Nb6 (15... Nc5 $15) 16. Rc1 Rc8 17. Bh6 dxc3 18. Nxc3 Qxd2 19. Bxd2 b4 20. Ne4 {[%emt 0:01:24] [#] Black must now prevent Nd6.} Nd4 ({But not} 20... Bxb2 $6 21. Rb1 Bh8 22. Nd6 $18 (22. Bxb4 Nxb4 23. Rxb4 a5 $11)) 21. Nxd4 Bxe4 (21... Rxc1 $11 {keeps the balance.} 22. Bxc1 (22. Rxc1 Bxe4 23. Bxb4 Bxd4 $14) 22... Bxe4 (22... Bxd4 23. Rd1 $16) 23. Bxa6 Bd5) 22. Rxc8 $16 (22. Bxa6 Rxc1 23. Bxc1 Bd5 $15) 22... Nxc8 (22... Rxc8 $16 {is a better defense.} 23. Bxa6 Rd8) 23. Bxa6 $18 {[%emt 0:01:32] White is clearly better.} Bxd4 24. Rxe4 Bxb2 25. Rxb4 Be5 26. Re4 f6 27. Bb4 Rd8 28. f4 Bd4+ {[%emt 0:01:35] Weighted Error Value: White=0.16 (very precise) /Black=0.28 (precise) .  Mistake:       	White=1     	Black=5      Inaccurate:     	White=1     	Black=2      OK:         	White=7     	Black=11     Best:        	White=4     	---        Strong:       	White=1     	---} 1-0

[Event "Chinese League Division-A 2024"]
[Site "Fuling Chongqing"]
[Date "2024.07.03"]
[Round "7.20"]
[White "Wang, Chuqiao"]
[Black "Zhang, Lanlin"]
[Result "1/2-1/2"]
[ECO "D35"]
[WhiteElo "2278"]
[BlackElo "2161"]
[Annotator "RC"]
[PlyCount "68"]
[EventDate "2024.06.28"]
[EventType "team-tourn"]
[EventCountry "CHN"]
[SourceTitle "playchess.com"]
[Source "ChessBase"]
[SourceQuality "1"]
[TimeControl "40/5400+30:1800+30"]

1. d4 Nf6 2. c4 e6 3. Nf3 d5 4. Nc3 Be7 5. cxd5 exd5 6. Bg5 O-O 7. e3 h6 8. Bh4 c6 9. Bd3 Ne4 10. Bxe7 Qxe7 11. O-O Bf5 12. Qb3 Nd6 13. Bxf5 Nxf5 14. e4 dxe4 15. Nxe4 Qxe4 16. Qxb7 Na6 17. Qxa6 Nxd4 18. Nxd4 Qxd4 19. Qxc6 Qxb2 20. g3 a5 21. Qa4 Rfe8 22. Rfe1 Rxe1+ 23. Rxe1 Qb4 24. Qxb4 axb4 25. Rb1 Rxa2 26. Rxb4 g5 27. h4 Kg7 28. hxg5 hxg5 29. g4 Ra1+ 30. Kg2 Ra3 31. Rb6 Ra4 32. Kg3 Ra3+ 33. Kg2 Ra4 34. Kg3 Ra3+ 1/2-1/2

[Event "Chinese League Division-A 2024"]
[Site "Fuling Chongqing"]
[Date "2024.07.03"]
[Round "7.21"]
[White "Bai, Jinshi"]
[Black "Wang, Yue"]
[Result "1/2-1/2"]
[ECO "A30"]
[WhiteElo "2564"]
[BlackElo "2652"]
[Annotator "TA"]
[PlyCount "61"]
[EventDate "2024.06.28"]
[EventType "team-tourn"]
[EventCountry "CHN"]
[SourceTitle "playchess.com"]
[Source "ChessBase"]
[SourceQuality "1"]
[TimeControl "40/5400+30:1800+30"]

1. Nf3 Nf6 2. c4 c5 3. g3 d5 4. cxd5 Nxd5 5. Bg2 Nc6 6. d4 cxd4 7. Nxd4 Ndb4 8. Nxc6 Qxd1+ 9. Kxd1 Nxc6 10. Bxc6+ bxc6 11. Nc3 e5 {[%emt 0:02:03] The position is equal.} 12. Be3 Be6 13. f3 Be7 14. Rc1 O-O 15. b3 Ba3 16. Rc2 Bf5 {[%emt 0:00:15] Hoping for ...Rad8+.} 17. Ne4 a5 18. Bc5 Rfd8+ (18... Bxe4 19. fxe4 Rfd8+ 20. Ke1) 19. Ke1 Bxe4 20. fxe4 Bxc5 21. Rxc5 $11 {[%emt 0:00:07][%mdl 4096] Endgame. KRR-KRR} a4 {[%emt 0:00:22] [#] White must now prevent ...axb3.} 22. Kf2 axb3 23. axb3 Rab8 24. Rxe5 Rxb3 25. Rc1 Rb5 26. Re7 Kf8 27. Rc7 Re5 28. Kf3 Rd4 29. Rc8+ Ke7 30. Rc7+ Kf8 31. Rc8+ {[%emt 0:00:59] An uneventful encounter.   Weighted Error Value: White=0.01 (flawless) /Black=0.01 (flawless) .  OK:         	White=4     	Black=12     Best:        	White=2     	---} 1/2-1/2